[ AOE2 MATCH · #493718399 ]
UnrankedMongols vs Bohemians
Player's team · LOSS
Rival team · WIN
[ REPLAY ANALYSIS · EXTRACTED FROM THE RECORDED GAME ]
Feudal
—
Castle
—
Imperial
—
| APM avg | 86.8 |
| APM peak | 102 |
| eAPM avg | 21.8 |
| Villagers / military | 32 / 0 |
Focus
⚔️ 21.4% · 🌾 78.6%
Feudal
—
Castle
—
Imperial
—
| APM avg | 82.6 |
| APM peak | 105 |
| eAPM avg | 27.5 |
| Villagers / military | 18 / 0 |
Focus
⚔️ 18.9% · 🌾 81.1%
Match map
Initial resources + every placement click. Lines = walls · curves = elevation contours. ◆ gold · ⬟ stone · ● berries · ✦ relic · ◌ wall gap
Your base
3szz's base
Smoothed initial terrain · ◌ = detected wall gap · hover for details
Inputs per minute
— murtaZaaa - - 3szz
Build order — murtaZaaa
27 actions detected in the replay
| 0:01 | Queue | Villager (Male) ×4 |
| 0:02 | Build | House |
| 0:02 | Build | House |
| 1:20 | Build | Lumber Camp |
| 1:24 | Queue | Villager (Male) |
| 1:24 | Queue | Villager (Male) |
| 1:48 | Research | Loom |
| 1:56 | Queue | Villager (Male) |
| 1:56 | Queue | Villager (Male) |
| 2:25 | Queue | Villager (Male) |
| 2:25 | Queue | Villager (Male) |
| 2:47 | Queue | Villager (Male) |
| 2:48 | Queue | Villager (Male) |
| 3:14 | Queue | Villager (Male) |
| 3:37 | Build | Palisade Gate |
| 3:47 | Queue | Villager (Male) ×2 |
| 3:48 | Queue | Villager (Male) ×2 |
| 4:32 | Build | House |
| 4:38 | Queue | Villager (Male) ×2 |
| 4:38 | Queue | Villager (Male) ×2 |
| 5:05 | Queue | Villager (Male) ×2 |
| 5:05 | Queue | Villager (Male) ×2 |
| 5:06 | Build | House |
| 5:42 | Queue | Villager (Male) |
| 5:43 | Queue | Villager (Male) |
| 6:00 | Queue | Villager (Male) ×2 |
| 6:31 | Queue | Villager (Male) ×3 |
Build order — 3szz
28 actions detected in the replay
| 0:00 | Queue | Villager (Male) |
| 0:01 | Queue | Villager (Male) |
| 0:02 | Build | House |
| 0:02 | Build | House |
| 0:25 | Queue | Villager (Male) |
| 0:26 | Queue | Villager (Male) |
| 1:37 | Queue | Villager (Male) |
| 1:45 | Build | Lumber Camp |
| 2:05 | Queue | Villager (Male) |
| 2:29 | Queue | Villager (Male) |
| 2:36 | Research | Loom |
| 2:47 | Queue | Villager (Male) |
| 3:28 | Queue | Villager (Male) |
| 3:48 | Queue | Villager (Male) |
| 3:59 | Build | House |
| 4:03 | Build | House |
| 4:07 | Queue | Villager (Male) |
| 4:14 | Queue | Villager (Male) |
| 5:51 | Queue | Villager (Male) |
| 5:54 | Build | Mill |
| 6:09 | Build | Palisade Wall |
| 6:14 | Build | Palisade Wall |
| 6:18 | Queue | Villager (Male) |
| 6:19 | Queue | Villager (Male) |
| 6:19 | Queue | Villager (Male) |
| 6:36 | Queue | Villager (Male) |
| 7:09 | Queue | Villager (Male) |
| 7:11 | Build | House |
Match timeline
| 6:09 | 3szz · wall_segment Palisade Wall x1 |
| 6:14 | 3szz · wall_segment Palisade Wall x1 |
| 7:22 | murtaZaaa · resign |
[ AI ANALYSIS · 1 CREDIT ]
What really happened in this match?
Wolo.gg analyzes every decision: build order, eco, micro, common mistakes by bracket. Personalized analysis on WhatsApp or Discord in 30 seconds.
Civ guide
Mongols
Perfil
Jugador #25769983